 Seeded DCSS version 0.29-a0-1052-g6990b1bffc (webtiles) character file.

Game seed: 1 (custom seed)

79 Kazon the Slasher (level 4, -5/42 HPs)
             Began as a Naga Berserker on Aug 17, 2022.
             Was a Believer of Trog.
             Slain by a gnoll
             ... wielding a +0 halberd
              (7 damage)
             ... on level 2 of the Dungeon.
             The game lasted 00:09:52 (1367 turns).

Kazon the Slasher (Naga Berserker)                  Turns: 1367, Time: 00:09:53

Health: -5/42      AC:  7    Str: 21    XL:     4   Next: 37%
Magic:  0/0        EV:  2    Int:  8    God:    Trog [**....]
Gold:   180        SH: 20    Dex: 10    Spells: 3/3 levels left

rFire   . . .      SeeInvis +   e - +2 dagger (venom)
rCold   + . .      Faith    .   d - +10 tower shield "Fauxe" {rC+ MP-9 SInv}
rNeg    . . .      Spirit   .   o - +0 chain mail
rPois   +          Reflect  .   k - +0 helmet
rElec   .          Harm     .   (no cloak)
rCorr   .          Rampage  .   (no gloves)
Will    .....                   (no barding)
Stlth   ..........              (no amulet)
HPRegen 0.14/turn               (no ring)
MPRegen 0.07/turn               (no ring)

@: hasted, quick
A: AC +1, large, see invisible, deformed body, poison resistance, slowness 2,
spit poison 1, naga tail 1
a: Spit Poison, Renounce Religion, Berserk, Trog's Hand


You were on level 2 of the Dungeon.
You worshipped Trog.
Trog was pleased with you.
You visited 1 branch of the dungeon, and saw 2 of its levels.

You collected 180 gold pieces.

Inventory:

Hand Weapons
 a - a +0 falchion
 e - a +2 dagger of venom (weapon)
Missiles
 i - 9 stones
 j - a throwing net
 n - 3 boomerangs (quivered)
Armour
 b - a +0 animal skin
 d - the +10 tower shield "Fauxe" (worn) {rC+ MP-9 SInv}
   (You acquired it on level 1 of the Dungeon)

   rC:        It protects you from cold.
   MP:        It affects your magic capacity (-9).
   SInv:      It lets you see invisible.
 k - a +0 helmet (worn)
 o - a +0 chain mail (worn)
Jewellery
 c - an amulet of the acrobat
Scrolls
 h - 2 scrolls of identify {unknown}
 l - a scroll of immolation {unknown}
Potions
 f - a potion of flight {unknown}
 g - a potion of attraction {unknown}
 m - a potion of berserk rage {unknown}


   Skills:
 + Level 3.3 Fighting
 + Level 3.6 Long Blades
 + Level 1.9 Armour
 + Level 2.0 Dodging
 + Level 0.1 Stealth
 + Level 1.8 Shields


You had 3 spell levels left.
You didn't know any spells.
Your spell library was empty.

Dungeon Overview and Level Annotations

Branches:
Dungeon (2/15)

Altars:


Innate Abilities, Weirdness & Mutations

Your serpentine skin is tough. (AC +1)
You have supernaturally acute eyesight. (SInv)
Armour fits poorly on your strangely shaped body.
Your system is resistant to poisons. (rPois)
You cover ground very slowly.
You can spit poison.
You have a snake-like lower body.


Message History

You have got your breath back.
You block the gnoll's attack.
Aiming: Spit Poison (1% risk of failure)
Press: ? - help, Shift-Dir - straight line, f - gnoll
Aim: a gnoll, wielding a +0 whip (65% to hit)
The splash of poison misses the gnoll.
Throw: 3 boomerangs
Press: ? - help, Q - select action, (/) - cycle Shift-Dir - straight line, f/p - gnoll
Aim: a gnoll, wielding a +0 whip (60% to hit)
You throw a boomerang.
The boomerang barely misses the gnoll. x2
You block the gnoll's attack. x2
Unknown command.
You closely miss the gnoll. You block the gnoll's attack.
The gnoll hits you from afar with a +0 halberd!
You closely miss the gnoll. You block the gnoll's attack. x3
The gnoll hits you from afar with a +0 halberd!
You hit the gnoll.
The gnoll is poisoned.
The gnoll is lightly wounded.
You have got your breath back.
You block the gnoll's attack.
The gnoll hits you from afar with a +0 halberd.
You barely miss the gnoll.
The gnoll is moderately wounded.
You block the gnoll's attack. x2
You hit the gnoll.
The gnoll looks as sick as possible!
The gnoll is heavily wounded.
The gnoll hits you with a +0 whip! You block the gnoll's attack.
You hit the gnoll.
The gnoll is severely wounded.
You block the gnoll's attack. x2
You hit the gnoll.
You kill the gnoll!
Trog accepts your kill. You block the gnoll's attack.
The gnoll hits you from afar with a +0 halberd!
* * * LOW HITPOINT WARNING * * *
Your Dodging skill increases to level 2!
It was a potion of haste.
You feel yourself speed up.
The gnoll hits you from afar with a +0 halberd!
You die...

#.# #.##### #.# # #.# #.#
#.# # #.# #.# #.# # #.#
#.# #.# ###### #.#
#.########.# .....####.#
#..........# ..........#
#...########
####.###################.#
####............@)g..# #.#
.....†........######.# #.#
#############.######.###.#
# #...g...#># #
#g###.#.#.# # #.# #.#.#.#
# #g# #...#.# # ...
##..#.# # .g. #..#.##


You could see a gnoll.

Vanquished Creatures
  2 gnolls (D:2)
  2 adders (D:2)
  A worm (D:2)
  7 endoplasms
  A giant cockroach (D:1)
  7 goblins
  4 hobgoblins
  3 kobolds
  A quokka (D:1)
  2 ball pythons (D:2)
  2 bats
  2 frilled lizards (D:2)
  3 rats (D:1)
37 creatures vanquished.

Notes
Turn   | Place    | Note
-------+----------+-------------------------------------------
     0 | D:1      | Kazon the Naga Berserker began the quest for the Orb.
     0 | D:1      | Reached XP level 1. HP: 21/21 MP: 1/1
   105 | D:1      | Identified a scroll of acquirement
   105 | D:1      | Acquired the +10 tower shield "Fauxe" {rC+ MP-9 SInv}
   283 | D:1      | Reached XP level 2. HP: 24/28 MP: 0/2
   741 | D:2      | Reached XP level 3. HP: 33/34 MP: 0/3
   959 | D:2      | Reached skill level 1 in Shields
  1069 | D:2      | Reached ** piety under Trog
  1169 | D:2      | Reached XP level 4. HP: 42/42 MP: 0/4
  1366 | D:2      | HP: 1/42 [gnoll/+0 halberd (13)]
  1367 | D:2      | Slain by a gnoll

Illustrated notes

Levels and vault maps discovered:
D:1:      dpeg_arrival_three_smaller_balls, layout_basic
D:2:      layout_loops_ring

Skill      XL: |  1  2  3  4 |
---------------+-------------+-----
Shields        | 1 |  1.8
Dodging        | 2 |  2.0
Fighting       | |  3.3
Long Blades    | |  3.6
Armour         | |  1.9
Stealth        | |  0.1

Action                   |  1- 3 |  4- 6 || total
-------------------------+-------+-------++-------
Melee: Falchion          |    79 |    15 ||    94
       Dagger            |       |     7 ||     7
Throw: Stone             |     6 |     2 ||     8
       Boomerang         |       |     1 ||     1
 Abil: Spit Poison       |    24 |     4 ||    28
  Use: Scroll            |     1 |       ||     1
       Potion            |       |     1 ||     1
Armor: Animal skin       |     2 |     1 ||     3
Dodge: Dodged            |     9 |       ||     9
Block: Tower shield      |    93 |    29 ||   122

Table legend: (Time is in decaauts)
 A = Elapsed time spent in this place.
 B = Non-inter-level travel time spent in this place.
 C = Inter-level travel time spent in this place.
 D = Time resting spent in this place.
 E = Time spent auto-exploring this place.
 F = Levels seen in this place.
 G = Mean time per level.
                   A        B        C        D        E       F      G
               +--------+--------+--------+--------+--------+-----+--------+
         Total |   1841 |   1785 |     56 |      0 |    306 |   2 |  920.5 |
       Dungeon |   1841 |   1785 |     56 |      0 |    306 |   2 |  920.5 |
               +--------+--------+--------+--------+--------+-----+--------+

Top non-repeatable levels by time:
     D:1: 989 daAuts
     D:2: 851 daAuts
